AoeStats
← MattAtArms

Arabia

506924370Analyzed
1v1 RM · 17d ago on Sep 15, 2026· 31m 40s· 2 players
Game mode
Random Map
Map size
Tiny (2 player)
Population
200
Speed
Normal
Resources
Standard
Victory
Conquest
Starting age
Dark Age
Ending age
Imperial Age
RankedLock teamsTeams togetherTeam positionsShared explorationLock speedFull tech treeHidden civsTurbo modeCheats
Victory
Defeat
🇨🇴 Vikings · Colombia
1819
+21
🇬🇧 Italians · United Kingdom
1932
-21
Parabox
6:03 Loom
8:55 Feudal Age
9:48 Double-Bit Axe
10:43 Horse Collar
17:31 Padded Archer Armor
22:01 Castle Age
20:37 Fletching
21:12 Gold Mining
22:18 Elite Skirmisher
23:07 Bodkin Arrow
24:23 Bow Saw
26:41 Scale Barding Armor
28:19 Town Watch
29:05 Chain Barding Armor
29:13 Ballistics
MattAtArms
6:08 Loom
10:05 Feudal Age
10:10 Man-at-Arms
11:15 Double-Bit Axe
13:13 Town Watch
15:59 Fletching
20:49 Castle Age
20:06 Padded Archer Armor
19:58 Gold Mining
20:08 Horse Collar
20:51 Crossbowman
22:02 Bodkin Arrow
24:18 Bow Saw
31:15 Ballistics
Connection lost

Rejoining the realm…

Still unreachable

The connection could not be restored.

Session expired

The server has moved on; the page needs a fresh start.